 Dungeon Crawl Stone Soup version 0.32-a0-42-ga30500b4d3 (webtiles) character file.

Game seed: 14601919784752356455

1131 amoryguerra the Cleaver (level 8, 0/68 HPs)
             Began as a Minotaur Berserker on Jan 26, 2024.
             Was a Priest of Trog.
             Killed by nerve-wracking pain
             ... invoked by an orc priest
              (14 damage)
             ... on level 6 of the Dungeon.
             The game lasted 00:27:47 (5588 turns).

amoryguerra the Cleaver (Minotaur Berserker)        Turns: 5588, Time: 00:27:48

Health: 0/68       AC: 15    Str: 24    XL:     8   Next: 13%
Magic:  7/7        EV:  8    Int:  4    God:    Trog [***...]
Gold:   898        SH:  0    Dex: 10    Spells: 7/7 levels left

rFire   . . .        a - +0 hand axe
rCold   . . .        (no shield)
rNeg    . . .        y - +0 plate armour
rPois   .            (helmet restricted)
rElec   .            i - +0 cloak
rCorr   .            q - +0 pair of gloves
SInv    .            (no boots)
Will    .....        (no amulet) Stlth
                     u - ring of flight
HPRegen 0.31/turn    (no ring)
MPRegen 0.10/turn

%: no passive effects
@: confused, on berserk cooldown, flying, slowed, very slow
A: horns 2, retaliatory headbutt
a: Renounce Religion, Berserk, Trog's Hand


You were on level 6 of the Dungeon.
You worshipped Trog.
Trog was most pleased with you.
You visited 2 branches of the dungeon, and saw 7 of its levels.

You collected 898 gold pieces.

Inventory:

Hand Weapons
 a - a +0 hand axe (weapon)
 b - a +0 sling
 r - a +0 flail
Missiles
 j - 16 stones
 x - 6 poisoned darts (quivered)
Armour
 i - a +0 cloak (worn)
 q - a +0 pair of gloves (worn)
 y - a +0 plate armour (worn)
Jewellery
 u - a ring of flight (left hand)
Wands
 m - a wand of roots (8)
 s - a wand of paralysis (8)
Scrolls
 c - a scroll of acquirement
 e - a scroll of enchant weapon {unknown}
 k - a scroll of immolation
 l - a scroll of fear {unknown}
 o - 2 scrolls of teleportation
 v - a scroll of enchant armour {unknown}
 w - a scroll of noise {unknown}
Potions
 d - a potion of resistance
 f - a potion of magic
 g - 3 potions of might
 h - a potion of cancellation
 n - a potion of lignification {unknown}
 p - a potion of curing
 t - a potion of attraction {unknown}
 z - a potion of berserk rage {unknown}
 A - a potion of ambrosia {unknown}
 B - a potion of heal wounds {unknown}


   Skills:
 + Level 5.3 Fighting
 * Level 9.6 Axes
 + Level 5.8 Armour
 + Level 3.4 Dodging
 + Level 0.3 Stealth


You had 7 spell levels left.
You didn't know any spells.
Your spell library was empty.

Dungeon Overview and Level Annotations

Branches:
Dungeon (6/15)             Temple (1/1) D:5

Altars:
Ashenzari
Dithmenos
Elyvilon
Fedhas
Hepliaklqana
Kikubaaqudgha
Nemelex Xobeh
Okawaru
Sif Muna
Trog
Uskayaw
Vehumet
Wu Jian
Xom
Yredelemnul
Zin
The Shining One

Shops:
D:5 *:

Annotations:
D:6 Dowan, Duvessa, Jeremiah, Sigmund


Innate Abilities, Weirdness & Mutations

You have a pair of horns on your head.
You reflexively headbutt those who attack you in melee.


Message History

You writhe in agony.
* * * LOW HITPOINT WARNING * * *
Dowan says, "Stay away from my face!"
Something hits you but does no damage.
Okay, then.
You hit Edmund but do no damage.
Edmund is almost dead.
You closely miss something. Edmund closely misses you.
Something hits you but does no damage. Edmund hits you but does no damage.
You writhe in agony.
* * * LOW HITPOINT WARNING * * *
Something hits you.
* * * LOW HITPOINT WARNING * * *
Something hits you but does no damage.
The orc priest casts a cantrip, but nothing happens.
You hit Edmund but do no damage. You headbutt Edmund.
You kill Edmund!
Trog accepts your kill.
You closely miss something.
The orc priest looks satisfied for a moment.
Something hits you but does no damage.
Dowan points at you and mumbles some strange words.
You hit something. Something hits you but does no damage.
You hit the orc priest but do no damage.
You closely miss something.
You hear some strange, mumbled words.
You are confused.
The orc priest barely misses you. Something hits you.
* * * LOW HITPOINT WARNING * * *
Unknown command.
You hear some strange, mumbled words.
Something tries to affect you, but you resist.
Dowan throws and catches a handful of magical flame, then smirks.
The orc priest hits you but does no damage.
Dowan casts a spell.
Dowan blinks!
You bump into the stone wall.
The orc priest calls down the wrath of Beogh upon you.
Pain shoots through your body!
You die...

. #.#..........
.
#.#.#..........
#...)).........
#..)....... ##.
#........# ..


You could see Dowan, a jelly and an orc priest.

Vanquished Creatures
  The ghost of lucidstorm14 the Trooper, an amateur MiBe of Trog (D:5)
  Edmund (D:6)
  An ogre (D:5)
  A centaur (D:6)
  A scorpion (D:4)
  A bombardier beetle (D:5)
  2 hounds (D:5)
  2 orc priests (D:3)
  4 iguanas
  A sleepcap (D:5)
  Natasha (thrice) (D:4)
  An orc wizard (D:5)
  3 adders (D:2)
  A river rat (D:5)
  A shadow imp (D:5)
  5 dart slugs
  8 ribbon worms
  20 orcs
  9 endoplasms
  6 giant cockroaches
  6 goblins
  8 hobgoblins
  2 jackals (D:1)
  6 kobolds
  3 quokkas
  5 ball pythons
  6 bats
  3 frilled lizards
  6 rats
117 creatures vanquished.

Notes
Turn   | Place    | Note
-------+----------+-------------------------------------------
     0 | D:1      | amoryguerra the Minotaur Berserker began the quest for the
                  | Orb.
     0 | D:1      | Reached XP level 1. HP: 19/19 MP: 0/0
   170 | D:1      | Reached skill level 4 in Axes
   241 | D:1      | Reached XP level 2. HP: 27/27 MP: 1/1
   404 | D:1      | Found a faded altar of an unknown god.
   616 | D:1      | Reached XP level 3. HP: 33/33 MP: 2/2
   972 | D:2      | Reached ** piety under Trog
  1399 | D:2      | Reached XP level 4. HP: 33/40 MP: 3/3
  1632 | D:2      | Reached skill level 5 in Axes
  1848 | D:2      | Identified 2 scrolls of acquirement
  1848 | D:2      | Acquired 697 gold pieces
  2351 | D:3      | Reached XP level 5. HP: 30/46 MP: 4/4
  3465 | D:4      | Noticed Natasha
  3469 | D:4      | Killed Natasha
  3470 | D:4      | Reached skill level 6 in Axes
  3607 | D:4      | Reached XP level 6. HP: 48/53 MP: 5/5
  4082 | D:4      | Noticed Natasha
  4094 | D:4      | Killed Natasha
  4185 | D:4      | Noticed Natasha
  4190 | D:4      | Killed Natasha
  4191 | D:4      | Reached skill level 7 in Axes
  4544 | D:5      | Entered Level 5 of the Dungeon
  4566 | D:5      | Found Jedwues's Tremendous Tomes.
  4709 | D:5      | Reached *** piety under Trog
  4727 | D:5      | Found Patyes's Lightly-Used Armoury.
  4777 | D:5      | Found a runed translucent door.
  4777 | D:5      | Noticed lucidstorm14's ghost (amateur MiBe)
  4798 | D:5      | Killed lucidstorm14's ghost
  4799 | D:5      | Reached skill level 5 in Fighting
  4799 | D:5      | Reached skill level 8 in Axes
  4799 | D:5      | Reached skill level 5 in Armour
  4799 | D:5      | Reached XP level 7. HP: 61/61 MP: 6/6
  4809 | D:5      | Found a runed translucent door.
  4996 | D:5      | Found a staircase to the Ecumenical Temple.
  5379 | Temple   | Entered the Ecumenical Temple
  5451 | D:5      | Reached skill level 9 in Axes
  5525 | D:6      | Noticed Jeremiah
  5555 | D:6      | Noticed Edmund
  5557 | D:6      | Noticed Dowan
  5558 | D:6      | Noticed Sigmund
  5559 | D:6      | Noticed Duvessa
  5568 | D:6      | Reached XP level 8. HP: 68/68 MP: 7/7
  5584 | D:6      | Killed Edmund
  5588 | D:6      | Killed from afar by an orc priest

Illustrated notes

Levels and vault maps discovered:
D:1:      dpeg_arrival_refuge, layout_loops_cross, basic_ecumenical_altar,
          nicolae_kite_square_tiling_tiny, solitary_fountain, st_stairs_9,
          minmay_small_reverse_x
D:2:      minmay_inner_zag, layout_basic
D:3:      layout_loops_corners, kennysheep_generic_room_6
D:4:      layout_layer_cave, uniq_natasha
D:5:      layout_loops_ring, minmay_temple_entry_slanted, ebering_ghost_sewer_f,
          minmay_shop_damaged, nicolae_shop_i_like_big_books,
          minmay_misc_feat_alley
D:6:      layout_rooms, serial_bayou_ford_a, minmay_puff, uniq_jeremiah,
          uniq_duvessa, uniq_edmund, uniq_sigmund
Temple:   sentei_temple_godly_chess

Skill      XL: |  1  2  3  4  5  6  7 |
---------------+----------------------+-----
Axes           | 4 5 6 8 9 |  9.6
Fighting       | 4 5 |  5.3
Armour         | 3 4 5 |  5.8
Dodging        | 3 |  3.4
Stealth        | |  0.3

Action                     |  1- 3 |  4- 6 |  7- 9 || total
---------------------------+-------+-------+-------++-------
  Melee: Hand axe          |    80 |   154 |    63 ||   297
         Headbutt          |     8 |    24 |    17 ||    49
         Punch             |       |     1 |     1 ||     2
 Invoke: Berserk           |     2 |     8 |     2 ||    12
    Use: Scroll            |     2 |     3 |     1 ||     6
         Potion            |       |     3 |       ||     3
 Armour: Animal skin       |     7 |       |       ||     7
         Ring mail         |    12 |       |       ||    12
         Chain mail        |    29 |    82 |       ||   111
         Plate armour      |       |    35 |    69 ||   104
  Dodge: Dodged            |    28 |    44 |    17 ||    89

Table legend: (Time is in decaauts)
 A = Elapsed time spent in this place.
 B = Non-inter-level travel time spent in this place.
 C = Inter-level travel time spent in this place.
 D = Time resting spent in this place.
 E = Time spent auto-exploring this place.
 F = Levels seen in this place.
 G = Mean time per level.
                   A        B        C        D        E       F      G
               +--------+--------+--------+--------+--------+-----+--------+
         Total |   5688 |   5688 |      0 |   1150 |      0 |   7 |  812.6 |
       Dungeon |   5687 |   5687 |      0 |   1150 |      0 |   6 |  947.8 |
        Temple |      1 |      1 |      0 |      0 |      0 |   1 |    1.0 |
               +--------+--------+--------+--------+--------+-----+--------+

Top non-repeatable levels by time:
     D:3: 1438 daAuts
     D:4: 1307 daAuts
     D:2: 1125 daAuts
     D:5: 1027 daAuts
     D:1: 755 daAuts
     D:6: 33 daAuts
  Temple: 1 daAuts
